 Dungeon Crawl Stone Soup version 0.18.1-48-g4cf74bf (webtiles) character file.

2501 dvd the Chucker (level 9, -6/78 HPs)
             Began as a Troll Hunter on June 24, 2016.
             Was an Initiate of Yredelemnul.
             Mangled by an orc warrior
             ... wielding a +1 dire flail of crushing
              (8 damage)
             ... on level 8 of the Dungeon.
             The game lasted 00:18:25 (6827 turns).

dvd the Chucker (Troll Hunter)                      Turns: 6827, Time: 00:18:27

Health: -6/78      AC:  7    Str: 22 (23) XL:     9   Next: 28%
Magic:  8/8        EV: 11    Int: 10      God:    Yredelemnul [......]
Gold:   375        SH:  0    Dex: 12      Spells: 1 memorised, 6 levels left

rFire  . . .     SeeInvis .       - Unarmed
rCold  . . .     Gourm    +     b - +0 robe
rNeg   . . .     Faith    .     (no shield)
rPois  .         Spirit   .     (helmet restricted)
rElec  .         Dismiss  .     (no cloak)
rCorr  .         Reflect  .     (gloves unavailable)
SustAt +         Harm     .     (boots unavailable)
MR     .....                    (no amulet)
Stlth  ++........               z - ring of stealth
                                p - ring of Virtue {SustAt Int+3}

@: repel missiles, heavily drained, not resistant to hostile enchantments,
unstealthy
A: unfitting armour, claws 3, yellow scales 1, fast metabolism 3, frail 1,
gourmand, regeneration 2, shaggy fur 1, tough skin 2, no device heal 1,
MP-powered wands
a: Renounce Religion


You were on level 8 of the Dungeon.
You worshipped Yredelemnul.
Yredelemnul was noncommittal.
You were hungry.

You visited 2 branches of the dungeon, and saw 9 of its levels.

You collected 375 gold pieces.

Inventory:

Hand Weapons
 i - a +3 short sword of freezing
 y - a +0 falchion of electrocution
Missiles
 n - 4 javelins
 E - 2 throwing nets
 F - 47 stones
 H - 2 large rocks (quivered)
 K - 6 javelins of penetration
Armour
 b - a +0 robe (worn)
Jewellery
 p - the ring of Virtue (left claw) {SustAt Int+3}
   (You found it on level 5 of the Dungeon)

   [ring of sustain attributes]

   It sustains your strength, intelligence and dexterity.
   It affects your intelligence (+3).
 z - a ring of stealth (right claw)
Wands
 a - a wand of random effects (22/48)
 k - a wand of polymorph (4/24)
 t - a wand of iceblast (14/15)
Scrolls
 e - 7 scrolls of identify
 g - a scroll of recharging
 j - a scroll of magic mapping
 l - a scroll of amnesia
 o - a scroll of teleportation
 q - a scroll of fog
 u - 3 scrolls of enchant weapon
 D - a scroll of remove curse
 G - a scroll of blinking
Potions
 r - 2 potions of heal wounds
 w - 3 potions of curing
Books
 x - a book of Air

   Spells                             Type                      Level
   a - Shock                          Conjuration/Air              1
   b - Swiftness                      Charms/Air                   2
   c - Repel Missiles                 Charms/Air                   2
   d - Static Discharge               Conjuration/Air              3
   e - Lightning Bolt                 Conjuration/Air              5
Comestibles
 f - 8 bread rations
 h - a meat ration
 m - 8 fruits


   Skills:
 + Level 4.8(3.4) Fighting
 + Level 6.1(4.7) Throwing
 + Level 6.0(4.6) Dodging
 + Level 2.2(1.0) Stealth
 + Level 5.4(4.0) Unarmed Combat
 + Level 0.3(0.0) Spellcasting
 + Level 0.9(0.0) Charms
 + Level 0.3(0.0) Air Magic


You had 6 spell levels left.
You knew the following spells:

 Your Spells              Type           Power        Failure   Level  Hunger
a - Repel Missiles        Chrm/Air       #.....       61%         2    ###....


Dungeon Overview and Level Annotations

Branches:
Dungeon (8/15)             Temple (1/1) D:7
   Lair: D:8-11

Altars:
Ashenzari
Cheibriados
Dithmenos
Elyvilon
Fedhas
Gozag
Kikubaaqudgha
Makhleb
Nemelex Xobeh
Okawaru
Pakellas
Qazlal
Ru
Sif Muna
Trog
Vehumet
Xom
Yredelemnul
Zin
The Shining One

Shops:
D:5 ?


Innate Abilities, Weirdness & Mutations

You are too large for most types of armour.
You have claws for hands.
Your metabolism is lightning-fast.
You like to eat raw meat.
You heal very quickly.
You are covered in fur (AC +1).
You have very tough skin (AC +2).
You are partially covered in yellow scales (AC +2).
You are frail (-10% HP).
Potions and wands are less effective at restoring your health.
You expend magic power (3 MP) to strengthen your wands.


Message History

The orc wizard barely misses you.
You claw the orc warrior!
The orc warrior is heavily wounded.
Something hits the plant but does no damage.
The orc wizard gestures wildly while chanting.
The orc wizard flickers and vanishes!
The orc warrior hits you with a dire flail of crushing!
Something hits the fungus.
You closely miss the orc warrior.
The orc warrior is heavily wounded.
Something hits you but does no damage.
Something hits the fungus.
The orc warrior hits you with a dire flail of crushing!
You closely miss the orc warrior.
The orc warrior is heavily wounded.
Something hits the plant but does no damage.
Something hits you.
The orc warrior hits you with a dire flail of crushing!!
* * * LOW HITPOINT WARNING * * *
You die...
Your body rises from the dead as a mindless zombie.
P.P.PP P.. .P{PP .. .PPP

.. ... #. rP
# #. o#
...###.####{#
....(....(@o#
#.###..#####
#.....<#
###.##.# #
#.# #.# #.#
[.# ..#


You could see an orc warrior, an orc and a rat.

Vanquished Creatures
  The ghost of LinoAlbertino the Covered, a novice TeBe of Trog (D:7)
  Eustachio (D:4)
  A hungry ghost (D:7)
  The ghost of Aquadorian the Slasher, an amateur GrFi (D:3)
  Duvessa (D:4)
  A black bear (D:6)
  An ogre (D:5)
  A centaur (D:8)
  Dowan (D:4)
  2 scorpions
  4 wights (D:7)
  3 jellies (D:6)
  A crimson imp (D:7)
  A centaur zombie (D:5)
  A quasit (D:6)
  A giant frog zombie (D:5)
  A hound (D:5)
  A centaur skeleton (D:5)
  5 orc wizards
  3 orc priests
  A giant frog skeleton (D:5)
  Jessica (D:2)
  3 iguanas
  4 worker ants
  A hound zombie (D:6)
  A worker ant zombie (D:7)
  7 gnolls
  6 adders
  3 worms
  4 dart slugs
  2 giant geckos
  15 orcs
  2 ball pythons
  8 goblins
  8 hobgoblins
  4 jackals (D:4)
  2 quokkas (D:3)
  7 bats
  6 giant newts
  8 kobolds
  A quokka zombie (D:5)
  9 rats
135 creatures vanquished.

Notes
Turn   | Place    | Note
--------------------------------------------------------------
     0 | D:1      | dvd the Troll Hunter began the quest for the Orb.
     0 | D:1      | Reached XP level 1. HP: 19/19 MP: 0/0
   265 | D:1      | Reached XP level 2. HP: 27/27 MP: 1/1
   913 | D:1      | Reached XP level 3. HP: 35/35 MP: 2/2
  1008 | D:2      | Noticed Jessica
  1019 | D:2      | Killed Jessica
  1368 | D:2      | Reached XP level 4. HP: 42/42 MP: 3/3
  1612 | D:3      | Noticed Aquadorian's ghost (amateur GrFi)
  2066 | D:3      | Reached skill level 1 in Unarmed Combat
  2657 | D:3      | Killed Aquadorian's ghost
  2657 | D:3      | Reached skill level 1 in Stealth
  2657 | D:3      | Reached XP level 5. HP: 50/50 MP: 4/4
  2878 | D:4      | Noticed Duvessa
  2878 | D:4      | Noticed Dowan
  2900 | D:4      | Killed Duvessa
  2900 | D:4      | Reached XP level 6. HP: 36/59 MP: 5/5
  2903 | D:4      | Killed Dowan
  3014 | D:4      | Reached skill level 5 in Throwing
  3022 | D:4      | Reached XP level 7. HP: 41/67 MP: 6/6
  3106 | D:4      | Noticed Eustachio
  3111 | D:4      | Killed Eustachio
  4124 | D:5      | Entered Level 5 of the Dungeon
  4153 | D:5      | Got a steaming wooden ring
  4154 | D:5      | Identified the ring of Virtue {SustAt Int+3} (You found it on level 5 of the Dungeon)
  4210 | D:5      | Learned a level 2 spell: Repel Missiles
  4364 | D:5      | Found Gabac's Magic Scroll Emporium.
  4479 | D:5      | Reached XP level 8. HP: 76/78 MP: 7/7
  5181 | D:6      | Reached skill level 5 in Dodging
  5728 | D:7      | Noticed LinoAlbertino's ghost (novice TeBe)
  5737 | D:7      | Killed LinoAlbertino's ghost
  5737 | D:7      | Reached XP level 9. HP: 42/85 MP: 8/8
  5924 | D:7      | Reached skill level 5 in Unarmed Combat
  6147 | D:7      | Found a shattered altar of Ashenzari.
  6268 | D:7      | Found a staircase to the Ecumenical Temple.
  6291 | Temple   | Entered the Ecumenical Temple
  6311 | Temple   | Gained mutation: Potions and wands are less effective at restoring your health. [potion of mutation]
  6311 | Temple   | Gained mutation: You are partially covered in yellow scales (AC +2). [potion of mutation]
  6311 | Temple   | Gained mutation: You are agile. (Dex +2) [potion of mutation]
  6312 | Temple   | Gained mutation: You expend magic power (3 MP) to strengthen your wands. [potion of mutation]
  6312 | Temple   | Gained mutation: You are frail (-10% HP). [potion of mutation]
  6312 | Temple   | Lost mutation: You are agile. (Dex +2) [potion of mutation]
  6498 | Temple   | Became a worshipper of Yredelemnul the Dark
  6687 | D:7      | Found a sparkling altar of Nemelex Xobeh.
  6694 | D:7      | Found a deep blue altar of Sif Muna.
  6827 | D:8      | HP: 2/78 [orc warrior/dire flail of crushing (25)]
  6827 | D:8      | Mangled by an orc warrior

Skill      XL: |  1  2  3  4  5  6  7  8  9 |
---------------+----------------------------+-----
Throwing       | 4 5 6 |  6.1
Fighting       | 2 3 4 |  4.8
Dodging        | 2 3 4 5 6 |  6.0
Unarmed Combat | 1 2 3 4 5 |  5.4
Stealth        | 1 2 |  2.2
Spellcasting   | |  0.3
Charms         | |  0.9
Air Magic      | |  0.3

Action                   |  1- 3 |  4- 6 |  7- 9 || total
-------------------------+-------+-------+-------++-------
Melee: Unarmed           |    78 |   124 |   177 ||   379
       Short sword       |     2 |       |       ||     2
       Punch             |       |     1 |     5 ||     6
Throw: Large rock        |    23 |    21 |    49 ||    93
       Throwing net      |       |     3 |     3 ||     6
       Javelin           |       |       |    14 ||    14
 Cast: Repel Missiles    |       |       |     1 ||     1
  Use: Scroll            |       |       |    12 ||    12
       Potion            |       |       |    10 ||    10
 Stab: Sleeping          |       |     1 |       ||     1
       Distracted        |       |       |     1 ||     1
  Eat: Chunk             |    16 |    17 |    24 ||    57
       Meat ration       |       |       |     1 ||     1
Armor: Robe              |    24 |    48 |    44 ||   116
Dodge: Dodged            |    29 |    67 |   113 ||   209
